 Dungeon Crawl Stone Soup version 0.32-a0-646-g91cf321817 (webtiles) character file.

Game seed: 16562374649582115367

2852 GordonOverkill the Markself (level 9, -1/54 HPs)
             Began as a Deep Elf Delver on Mar 8, 2024.
             Was a Follower of Okawaru.
             Slain by a killer bee (6 damage)
             ... on level 7 of the Dungeon.
             The game lasted 00:18:20 (8400 turns).

GordonOverkill the Markself (Deep Elf Delver)       Turns: 8400, Time: 00:18:21

Health: -1/54      AC:  3    Str:  9    XL:     9   Next: 46%
Magic:  10/12      EV: 16    Int: 16    God:    Okawaru [*.....]
Gold:   496        SH:  0    Dex: 20    Spells: 10/10 levels left

rFire   . . .        b - +2 sling (drain)
rCold   . . .        (no shield)
rNeg    . . .        h - +0 leather armour
rPois   +            (no helmet)
rElec   .            (no cloak)
rCorr   .            (no gloves)
SInv    .            (no boots)
Will    .....        (no amulet)
Stlth   +++++        x - ring of poison resistance
HPRegen 0.29/turn    (no ring)
MPRegen 0.13/turn

%: no passive effects
@: heroic
A: no striking features
a: Renounce Religion, Heroism


You were on level 7 of the Dungeon.
You worshipped Okawaru.
Okawaru was aware of your devotion.
You visited 2 branches of the dungeon, and saw 8 of its levels.

You collected 496 gold pieces.

Inventory:

Hand Weapons
 a - a +2 short sword of electrocution
 b - a +2 sling of draining (weapon)
 k - a +2 dagger of speed
 o - a +1 orcbow
 r - a +4 dagger
Missiles
 e - 3 curare-tipped darts
Armour
 h - a +0 leather armour (worn)
Jewellery
 f - a ring of positive energy
 x - a ring of poison resistance (left hand)
 D - the ring of Neol {Ice rElec Will+ Int+5 Dex-3}
   (You found it on level 6 of the Dungeon)

   [ring of ice]

   Ice:       It enhances your ice magic.
   Int+5:     It affects your intelligence (+5).
   Dex-3:     It affects your dexterity (-3).
   rF-:       It makes you vulnerable to fire.
   rC+:       It protects you from cold.
   rElec:     It insulates you from electricity.
   Will+:     It increases your willpower.
Wands
 g - a wand of digging (2)
 C - a wand of iceblast (7)
Scrolls
 c - a scroll of noise
 d - 2 scrolls of revelation
 i - 3 scrolls of vulnerability
 j - a scroll of torment
 m - a scroll of teleportation
 n - a scroll of fog
 s - a scroll of immolation
 u - 4 scrolls of blinking
 w - a scroll of amnesia
Potions
 l - 2 potions of curing
 p - a potion of invisibility
 q - a potion of attraction
 t - a potion of brilliance
 z - a potion of mutation
 A - a potion of cancellation


   Skills:
 - Level 5.0(10.0) Fighting
 - Level 2.0(7.0) Short Blades
 - Level 15.0(20.0) Ranged Weapons
 - Level 2.4(7.4) Dodging
 - Level 6.0(11.0) Stealth
 - Level 1.0 Spellcasting
 - Level 1.0 Conjurations
 + Level 1.6 Invocations


You had 10 spell levels left.
You didn't know any spells.
Your spell library contained the following spells:

 Spells                   Type           Power      Damage    Failure   Level
 Sting                    Conj/Alch      8%         1d3       24%         1
 Mercury Vapours          Alch/Air       0%         N/A       41%         2
 Olgreb's Toxic Radiance  Alch           0%         N/A       96%         4


Dungeon Overview and Level Annotations

Branches:
Dungeon (7/15)             Temple (1/1) D:5

Altars:
Ashenzari
Dithmenos
Elyvilon
Fedhas
Hepliaklqana
Kikubaaqudgha
Makhleb
Nemelex Xobeh
Okawaru
Qazlal
Ru
Sif Muna
Trog
Uskayaw
Wu Jian
Xom
Yredelemnul

Annotations:
D:3 exclusion: sleepcap
D:4 LydaLydish's ghost, amateur HuFi
D:5 2 transporters, flt's ghost, amateur CoCK


Message History

The killer bee is moderately wounded.
You feel like a meek peon again.
You feel sick.
You are no longer poisoned.
The killer bee stings you!
* * * LOW HITPOINT WARNING * * *
You shoot a sling bullet. The sling bullet hits the killer bee.
The killer bee is heavily wounded.
The killer bee closely misses you. The killer bee stings you.
* * * LOW HITPOINT WARNING * * *
You shoot a sling bullet.
The sling bullet closely misses the killer bee.
The killer bee stings you.
* * * LOW HITPOINT WARNING * * *
You gain the combat prowess of a mighty hero.
The killer bee closely misses you. x2
You shoot a sling bullet. The sling bullet misses the killer bee.
The killer bee misses you. The killer bee barely misses you.
You shoot a sling bullet.
The sling bullet closely misses the killer bee.
The killer bee misses you.
You shoot a sling bullet. The sling bullet hits the killer bee.
You drain the killer bee.
The killer bee is severely wounded.
The killer bee misses you. The killer bee stings you.
* * * LOW HITPOINT WARNING * * *
You shoot a sling bullet. The sling bullet hits the killer bee.
The killer bee is almost dead.
The killer bee stings you.
* * * LOW HITPOINT WARNING * * *
You shoot a sling bullet.
The sling bullet hits the killer bee but does no damage.
The killer bee is almost dead.
The killer bee stings you.
* * * LOW HITPOINT WARNING * * *
The killer bee stings you.
* * * LOW HITPOINT WARNING * * *
You shoot a sling bullet. The sling bullet misses the killer bee.
The killer bee stings you.
You die...

..# ## #....##†.##.# ..# #. )...
#..# .# ..# #..##... ...# #.....
####.##..#.... .... # #.....
........#..#.# #.......###.....
..........#..# ................
.............. ###...y#.##.....
#..###.....# ########............
#.#.....######..@y..............y
....#...# ##...###.......#.##....
#.###...###..#.............).....
#.###...........###........##)...
..#.......#....## #........#..#..
..#.........#### #........o.....
..........### #..............
..#.......# #..............
.#........## ####.<.....#......


You could see a killer bee (very drained).

Vanquished Creatures
  Menkaure (D:4)
  A black bear (D:5)
  A sky beast (D:7)
  4 ice beasts
  3 ogres
  2 phantoms
  A centaur (D:6)
  5 kobold brigands
  2 scorpions (D:5)
  A gnoll sergeant (D:6)
  2 wights (D:7)
  5 killer bees (D:7)
  2 bombardier beetles
  3 hounds
  A jelly (D:4)
  3 orc priests
  3 iguanas
  3 orc wizards
  22 gnolls
  7 adders
  A shadow imp (D:7)
  A white imp (D:6)
  5 ufetubi (D:5)
  4 dart slugs
  3 ribbon worms
  14 orcs
  6 endoplasms
  7 giant cockroaches
  6 goblins
  7 hobgoblins
  3 quokkas
  10 ball pythons
  10 bats
  A frilled lizard (D:3)
  42 kobolds
  5 rats
  A spectral goblin (D:5)
198 creatures vanquished.

Notes
Turn   | Place    | Note
-------+----------+-------------------------------------------
     0 | D:5      | GordonOverkill the Deep Elf Delver began the quest for the
                  | Orb.
     0 | D:5      | Reached XP level 1. HP: 13/13 MP: 3/3
     2 | D:6      | Noticed an ice beast
    13 | D:5      | Noticed a black bear
    13 | D:5      | Found a staircase to the Ecumenical Temple.
    31 | D:6      | Noticed a hound
    45 | D:5      | Noticed a scorpion
    68 | D:4      | Found a shimmering altar of Xom.
    69 | D:4      | Found a stormy altar of Qazlal.
    82 | D:4      | Found a shadowy altar of Dithmenos.
    85 | D:4      | Found a broken altar of Ashenzari.
    95 | D:4      | Noticed a phantom
   105 | D:4      | Reached skill level 1 in Spellcasting
   105 | D:4      | Reached XP level 2. HP: 19/19 MP: 3/5
   495 | D:3      | Reached skill level 1 in Conjurations
   556 | D:3      | Reached skill level 1 in Ranged Weapons
   602 | D:3      | Reached skill level 2 in Ranged Weapons
   602 | D:3      | Reached XP level 3. HP: 23/23 MP: 6/6
   661 | D:3      | Reached skill level 3 in Ranged Weapons
   933 | D:3      | Reached XP level 4. HP: 28/28 MP: 7/7
  1197 | D:3      | Reached skill level 4 in Ranged Weapons
  1489 | D:3      | Reached skill level 5 in Ranged Weapons
  1496 | D:3      | Reached XP level 5. HP: 32/32 MP: 8/8
  1791 | D:3      | HP: 1/32 [kobold brigand/+0 club (4)]
  1796 | D:3      | Reached skill level 6 in Ranged Weapons
  2086 | D:3      | Reached skill level 7 in Ranged Weapons
  2086 | D:3      | Reached XP level 6. HP: 17/37 MP: 9/9
  2399 | D:3      | Reached skill level 8 in Ranged Weapons
  3272 | D:2      | Found a sparkling altar of Nemelex Xobeh.
  3762 | D:1      | Reached XP level 7. HP: 41/41 MP: 10/10
  3881 | D:1      | Reached skill level 9 in Ranged Weapons
  4334 | D:4      | Found a runed translucent door.
  4339 | D:4      | Noticed LydaLydish's ghost (amateur HuFi)
  4361 | D:4      | Reached skill level 10 in Ranged Weapons
  4445 | D:4      | Noticed Menkaure
  4452 | D:4      | Killed Menkaure
  4921 | D:5      | Reached XP level 8. HP: 23/48 MP: 11/11
  4988 | D:5      | Reached skill level 5 in Fighting
  5334 | D:5      | Noticed flt's ghost (amateur CoCK)
  5380 | D:5      | Found a transporter.
  5508 | D:5      | Found a hazy altar of Hepliaklqana.
  5518 | D:5      | Reached skill level 11 in Ranged Weapons
  5876 | Temple   | Entered the Ecumenical Temple
  5891 | Temple   | Became a worshipper of Warmaster Okawaru
  6189 | D:6      | Reached skill level 12 in Ranged Weapons
  6309 | D:6      | Found a sacrificial altar of Ru.
  6359 | D:6      | Found a blossoming altar of Fedhas.
  6498 | D:6      | Reached * piety under Okawaru
  6499 | D:6      | Reached skill level 13 in Ranged Weapons
  6671 | D:6      | Identified the ring of Neol {Ice rElec Will+ Int+5 Dex-3}
  6863 | D:7      | Reached XP level 9. HP: 28/54 MP: 12/12
  7252 | D:6      | Reached skill level 14 in Ranged Weapons
  8387 | D:7      | Reached skill level 15 in Ranged Weapons
  8389 | D:7      | Reached skill level 1 in Invocations
  8400 | D:7      | Slain by a killer bee

Illustrated notes

Levels and vault maps discovered:
D:1:      dpeg_arrival_radiant, layout_rooms, bh_walls_and_bars
D:2:      layout_loops_corners, basic_altar, minmay_hexomino_p4
D:3:      minmay_goblin_kobold_castle, layout_basic
D:4:      layout_gridville, nicolae_overflow_macrodata_refinement,
          ebering_ghost_reflecting_pool, uniq_menkaure
D:5:      layout_rooms, nicolae_hepliaklqana_monster_ancestors,
          minmay_temple_entry_stoned_glass, gammafunk_ghost_arena,
          kennysheep_path_1, minmay_splitting_lines,
          minmay_fractal_squares_gapless_5
D:6:      layout_cave_pools, nicolae_ru_great_annihilating_truth,
          fedhas_altar_4, chequers_serial_rivers_small_a, solitary_fountain
D:7:      layout_rooms, hangedman_glass_teeth, minmay_gold_behind_fungi
Temple:   hellmonk_temple_beads

Skill      XL: |  1  2  3  4  5  6  7  8  9 |
---------------+----------------------------+-----
Fighting       | 3 4 5 |  5.0
Spellcasting   | 1 |  1.0
Conjurations   | 1 |  1.0
Ranged Weapons | 2 3 5 7 8 10 13 15 | 15.0
Invocations    | 1 |  1.6
Short Blades   | |  2.0
Dodging        | |  2.4
Stealth        | |  6.0

Action                     |  1- 3 |  4- 6 |  7- 9 || total
---------------------------+-------+-------+-------++-------
  Melee: Short sword       |    48 |     1 |    22 ||    71
   Fire: Sling             |    59 |   175 |   433 ||   667
 Invoke: Heroism           |       |       |     2 ||     2
  Evoke: Wand              |       |       |    10 ||    10
    Use: Scroll            |       |     3 |    17 ||    20
         Potion            |       |     5 |     6 ||    11
   Stab: Sleeping          |     2 |       |       ||     2
         Paralysed         |       |       |     4 ||     4
 Armour: Leather armour    |    25 |    52 |   163 ||   240
         Skin              |       |       |    85 ||    85
  Dodge: Dodged            |    43 |    41 |   207 ||   291

Table legend: (Time is in decaauts)
 A = Elapsed time spent in this place.
 B = Non-inter-level travel time spent in this place.
 C = Inter-level travel time spent in this place.
 D = Time resting spent in this place.
 E = Time spent auto-exploring this place.
 F = Levels seen in this place.
 G = Mean time per level.
                   A        B        C        D        E       F      G
               +--------+--------+--------+--------+--------+-----+--------+
         Total |   8403 |   8082 |    321 |   3071 |   3320 |   8 | 1050.4 |
       Dungeon |   8372 |   8079 |    293 |   3071 |   3320 |   7 | 1196.0 |
        Temple |     30 |      2 |     28 |      0 |      0 |   1 |   30.0 |
               +--------+--------+--------+--------+--------+-----+--------+

Top non-repeatable levels by time:
     D:3: 2789 daAuts
     D:6: 1385 daAuts
     D:5: 1209 daAuts
     D:7: 935 daAuts
     D:2: 794 daAuts
     D:4: 697 daAuts
     D:1: 561 daAuts
  Temple: 30 daAuts
